Map: King Sejong Station LE

Players

Antiares - Winner!

  • Race: Zerg Zerg
  • League: Platinum
  • Spawn Location: 5:00

Amix

  • Race: Zerg Zerg
  • League: Platinum
  • Spawn Location: 11:00

VOD

Have the link to the VOD?

Description

Time

  • Played on: Nov. 15, 2016, 4:38 p.m.
  • Length: 13:51
Show
View Real Time Build Order
Export as new Build Order

Antiares Zerg - Winner!

Build Orders: Pool First 

Get SALT Encoding   

  12  0:19  Spawning Pool  
  11  0:22  Drone  
  11  0:27  Drone  
  13  0:33  Extractor  
  13  0:34  Drone  
  13  0:39  Drone  
  14  0:46  Extractor  
  14  0:47  Drone  
  15  0:55  Overlord  
  15  1:13  Zergling x2  
  15  1:17  Zergling x2  
  15  1:18  Queen  
  19  1:27  Zergling x2  
  20  1:40  Zergling x2  
  21  1:47  Metabolic Boost  
  21  1:50  Zergling x2  
  22  2:01  Overlord  
  21  2:21  Zergling x2  
  21  2:22  Zergling x2  
  21  2:38  Zergling x6  
  23  2:47  Queen  
  23  2:49  Drone  
  26  2:57  Baneling Nest  
  25  3:16  Drone x3  
  28  3:40  Hatchery  
  27  3:47  Overlord  
  27  3:49  Overlord  
  27  3:52  Drone  
  28  3:59  Zergling x2  
  29  4:24  Zergling x6  
  26  4:52  Drone x2  
  27  5:03  Zergling x6  
  27  5:06  Baneling x4  
  27  5:07  Baneling  
  30  5:34  Drone x6  
  36  5:37  Spore Crawler  
  34  5:46  Drone x5  
  34  5:47  Drone  
  40  5:59  Lair  
  39  6:29  Spore Crawler  
  38  6:33  Drone  
  38  6:34  Drone x6  
  45  6:42  Spine Crawler  
  44  6:54  Drone x3  
  44  6:55  Extractor  
  44  6:57  Drone  
  47  7:03  Spire  
  46  7:14  Spore Crawler  
  45  7:16  Spore Crawler  
  44  7:32  Overlord x3  
  44  8:11  Spine Crawler  
  43  8:15  Spine Crawler  
  43  8:18  Mutalisk x5  
  52  8:24  Extractor  
  52  8:26  Drone x8, Extractor  
  52  8:27  Drone x8  
  33  9:20  Drone x13  
  46  9:40  Queen  
  48  9:50  Zergling x8  
  52  10:03  Zergling x4  
  52  10:04  Zergling x6  
  45  10:22  Spawning Pool  
  45  10:23  Zergling x6  
  47  10:30  Baneling x5  
  47  10:40  Queen  
  49  11:00  Drone x6  
  55  11:33  Mutalisk  
  55  11:34  Mutalisk x5  
  67  11:47  Drone x5  
  72  12:10  Baneling x2  
  72  12:16  Mutalisk x2  
  76  12:46  Overlord x4  
  76  13:16  Drone x3  
  79  13:28  Baneling x2  
  79  13:30  Baneling x2  
  79  13:36  Hatchery  
Show
View Real Time Build Order
Export as new Build Order

Amix Zerg 

Build Orders: Pool Only 

Get SALT Encoding   

  12  0:01  Drone  
  13  0:24  Spawning Pool  
  13  0:26  Drone  
  13  0:34  Drone  
  14  0:37  Extractor  
  14  0:38  Drone  
  14  0:45  Overlord  
  14  0:53  Drone, Extractor  
  15  1:05  Drone  
  17  1:11  Zergling x2  
  17  1:20  Zergling x2  
  18  1:30  Zergling x2  
  19  1:41  Zergling x2  
  19  1:44  Metabolic Boost  
  20  2:13  Zergling x4  
  19  2:43  Zergling x6  
  20  2:47  Queen  
  22  2:53  Baneling Nest, Evolution Chamber  
  22  2:56  Zergling x2  
  21  3:15  Zergling x2  
  21  3:19  Zerg Melee Weapons Level 1  
  22  3:46  Overlord x3  
  22  4:01  Baneling x2  
  22  4:02  Baneling x2  
  22  4:05  Zergling x2  
  17  4:53  Zergling x6  
  19  5:00  Queen  
  19  5:05  Spine Crawler  
  20  5:11  Baneling x2  
  20  5:14  Baneling x6  
  20  5:27  Zergling x4  
  20  5:28  Zergling x2  
  23  5:41  Zergling x4  
  23  5:42  Zergling x2  
  26  6:06  Zerg Ground Armor Level 1  
  26  6:09  Zergling x2  
  26  6:10  Zergling x6  
  29  6:29  Pneumatized Carapace  
  29  6:39  Overlord  
  29  6:40  Overlord  
  29  6:43  Zergling x2  
  29  6:44  Zergling x2  
  31  6:56  Zergling x4  
  31  6:57  Zergling x4  
  35  7:35  Zergling x8  
  35  7:36  Zergling x2  
  40  8:16  Zergling x6  
  40  8:18  Queen  
  45  8:29  Zergling x2  
  37  9:02  Baneling x4  
  33  9:06  Spore Crawler  
  30  9:12  Spore Crawler  
  30  9:14  Spore Crawler x2  
  30  9:15  Spore Crawler  
  23  9:17  Spore Crawler  
  23  9:23  Zergling x2  
  22  9:48  Overlord  
  15  10:18  Overlord  
  15  10:20  Overlord  
  10  10:33  Drone  
  11  10:47  Drone  
  12  11:08  Drone x2  
  14  11:16  Drone  
  15  11:24  Drone  
  16  11:31  Drone  
  17  11:39  Drone  
  18  11:42  Drone  
  19  11:48  Drone  
  19  11:53  Drone  
  21  11:57  Drone  
  22  12:02  Drone  
  22  12:06  Drone  
  24  12:10  Zergling x2  
  24  12:14  Zergling x2  
  26  12:22  Zergling x2  
  27  12:23  Zergling x2  
  27  12:29  Zergling x4  
  30  12:34  Zergling x2  
  31  12:44  Zergling x2  
  31  12:46  Queen  
  34  12:53  Zergling x4  
  36  13:00  Overlord  
  36  13:24  Zergling x12  
Tags
 
Add a new tag
Caveats
  • Supply blocks, unpowered buildings, or Contaminate may cause inaccurate times.
  • Supply counts are checked every 10 seconds.